 Dungeon Crawl Stone Soup version 0.15-a0-1579-gd26fec2 (webtiles) character file.

3 Bloax the Insei (level 1, 0/15 HPs)
             Began as a Merfolk Transmuter on June 19, 2014.
             Slain by a hobgoblin (3 damage)
             ... on Level 1 of the Dungeon.
             The game lasted 00:00:34 (94 turns).

Bloax the Insei (Merfolk Transmuter)                  Turns: 94, Time: 00:00:34

HP   0/15        AC  2     Str 10      XL: 1   Next: 50%
MP   2/3         EV 13     Int 12      God:
Gold 16          SH  0     Dex 14      Spells:  1 memorised,  3 levels left

rFire  . . .     SeeInvis .       - Unarmed
rCold  . . .     Clarity  .     c - +0 robe
rNeg   . . .     rCorr    .     (no shield)
rPois  .         rRot     .     (no helmet)
rElec  .         Spirit   .     (no cloak)
SustAb .         Warding  .     (no gloves)
rMut   .         Stasis   .     (no boots)
Gourm  .                        (no amulet)
MR     .....                    (no ring)
                                (no ring)

@: very slightly contaminated, not resistant to hostile enchantments, very
unstealthy
A: change form in water, swift swim
a: no special abilities


You were on level 1 of the Dungeon.
You were not hungry.

You visited 1 branch of the dungeon, and saw 1 of its levels.

You collected 16 gold pieces.


   Skills:
 - Level 1.1 Fighting
 - Level 2.6 Dodging
 - Level 3.2 Unarmed Combat
 + Level 2.1 Spellcasting
 * Level 3.0 Transmutations


You had 3 spell levels left.
You knew the following spells:

 Your Spells              Type           Power        Failure   Level  Hunger
a - Beastly Appendage     Trmt           #.....       10%         1    ##.....


Dungeon Overview and Level Annotations

Branches:
Dungeon (1/15)

Altars:

Inventory:

Missiles
 b - 12 arrows
 e - 24 stones (quivered)
Armour
 c - a +0 robe (worn)
Comestibles
 a - a bread ration
Books
 d - a book of Changes

   Spells                             Type                      Level
   *Beastly Appendage                 Transmutation                1
   Sticks to Snakes                   Transmutation                2
   Spider Form                        Transmutation/Poison         3
   Ice Form                           Ice/Transmutation            4
   Blade Hands                        Transmutation                5

## .. .# ### .# ##.##
.### #####...## ...
#........###.#.#
#####.#s#..........#
####.....rg@..#####.###
#.....(..####.# .#
#.##.##..####.# .. #.
...##......%## ###
..#####.####...## #.
..###.....## .
#####.......##
#.........# +....(...(+


You could see a giant cockroach, a hobgoblin and a rat.


Message History

You barely miss the kobold. The kobold closely misses you.
Casting: Beastly Appendage You miscast Beastly Appendage.
You are very lightly contaminated with residual magic.
Nothing appears to happen.
The kobold hits you but does no damage.
You hit the kobold.
The kobold is heavily wounded.
The kobold hits you but does no damage.
You closely miss the kobold.
The kobold is heavily wounded.
The kobold closely misses you.
You closely miss the kobold.
The kobold is heavily wounded.
The kobold hits you.
You hit the kobold.
You kill the kobold!
Your Transmutations skill increases to level 3!
Casting: Beastly Appendage You grow a pair of large bovine horns.
Things that are here:
3 stones; a kobold corpse
e - 3 stones
Found 23 stones.
Found 8 gold pieces.
Your horns disappear.
You now have 16 gold pieces (gained 8).
Your magical contamination has completely faded away.
A hobgoblin comes into view.
The hobgoblin shouts!
The hobgoblin moves out of view.
You see here 23 stones.
A giant cockroach comes into view.
There are no items here.
The hobgoblin hits you.
You see here 23 stones.
e - 26 stones (gained 23)
The hobgoblin hits you.
* * * LOW HITPOINT WARNING * * *
A rat comes into view.
Casting: Beastly Appendage You miscast Beastly Appendage.
You are very lightly contaminated with residual magic.
Multicoloured lights dance before your eyes!
The hobgoblin hits you.
* * * LOW HITPOINT WARNING * * *
The rat moves out of view.
There are no items here.
You hit the hobgoblin.
The hobgoblin is heavily wounded.
The hobgoblin closely misses you.
You hit the hobgoblin but do no damage.
The hobgoblin is heavily wounded.
The hobgoblin misses you.
You closely miss the hobgoblin.
The hobgoblin is heavily wounded.
The hobgoblin hits you.
* * * LOW HITPOINT WARNING * * *
Throwing (i - inventory):
e - 26 stones (quivered)
Aim: a hobgoblin (heavily wounded)
You throw a stone.
The stone closely misses the giant cockroach.
The stone closely misses the hobgoblin.
The giant cockroach barely misses you.
Throwing (i - inventory):
e - 25 stones (quivered)
Aim: a giant cockroach (clinging)
You throw a stone.
The stone closely misses the giant cockroach.
The giant cockroach misses you. The giant cockroach barely misses you.
The hobgoblin barely misses you. The hobgoblin hits you.
You die...

Action                   || total
-------------------------++-------
Melee: Unarmed           ||    19
Throw: Stone             ||     2
 Cast: Beastly Appendage ||     2

Vault maps used:
D:1:      mrwooster_arrival_statue_2

Notes
Turn   | Place    | Note
--------------------------------------------------------------
     0 | D:1      | Bloax, the Merfolk Transmuter, began the quest for the Orb.
     0 | D:1      | Reached XP level 1. HP: 15/15 MP: 3/3
    53 | D:1      | Reached skill level 3 in Transmutations
    88 | D:1      | HP: 3/15 [hobgoblin (1)]
    94 | D:1      | Slain by a hobgoblin

Vanquished Creatures
  A bat (D:1)
  A goblin (D:1)
  A kobold (D:1)
3 creatures vanquished.
